 Dungeon Crawl Stone Soup version 0.31-a0-542-gdc2a67831c (webtiles) character file.

Game seed: 8547806939896086963

47019 heikuro the Cleaver (level 14, -3/113 HPs)
             Began as a Formicid Fighter on Aug 14, 2023.
             Was a High Priest of Makhleb.
             Slain by a balrug
             ... wielding a +0 demon whip
             ... summoned by the player character
              (7 damage)
             ... on level 1 of the Lair of Beasts on Aug 15, 2023.
             The game lasted 00:54:37 (15642 turns).

heikuro the Cleaver (Formicid Fighter)             Turns: 15642, Time: 00:54:38

Health: -3/113     AC: 23    Str: 28    XL:     14   Next: 79%
Magic:  22/22      EV:  9    Int: 11    God:    Makhleb [*****.]
Gold:   998        SH: 13    Dex: 16    Spells: 13/13 levels left

rFire   . . .        J - +8 war axe of Youthful Indiscretion {freeze, *Slow rPois Str+2}
rCold   . . .        P - +0 kite shield
rNeg    + + .        N - +0 pearl dragon scales
rPois   +            (helmet unavailable)
rElec   .            G - +0 cloak of Failure {Int+3}
rCorr   .            D - +0 pair of gloves {Dex+3}
SInv    +            Y - +0 pair of boots "Qyicut" {rN+ Regen+}
Will    +....        B - amulet of regeneration Stlth
                     C - +4 ring of protection
HPRegen 1.98/turn    Z - ring of poison resistance
MPRegen 0.18/turn

%: slow self (1%)
@: lethally poisoned (-3 -> -4), invisible
A: permanent stasis, dig shafts and tunnels, antennae 3, four strong arms
a: Dig, Shaft Self, Renounce Religion, Minor Destruction, Lesser Servant of
Makhleb, Major Destruction, Greater Servant of Makhleb


You were on level 1 of the Lair of Beasts.
You worshipped Makhleb.
Makhleb was extremely pleased with you.
You visited 3 branches of the dungeon, and saw 18 of its levels.
You also visited: Gauntlet.

You collected 1227 gold pieces.
You spent 229 gold pieces at shops.

Inventory:

Hand Weapons
 v - the +3 trident "Gode" {flame, +Blink Int+3 Stlth+}
   (You found it on level 4 of the Dungeon)

   Int+3:     It affects your intelligence (+3).
   +Blink:    It lets you blink.
   Stlth+:    It makes you more stealthy.
 J - the +8 war axe of Youthful Indiscretion (weapon) {freeze, *Slow rPois Str+2}
   (You bought it in a shop on level 8 of the Dungeon)

   Str+2:     It affects your strength (+2).
   rPois:     It protects you from poison *Slow: It may slow you when you take
   damage.
 S - a +2 battleaxe of electrocution
 X - the +9 dagger of Dishonesty {holy, Fly rF+ Str+3 Int+3}
   (You found it in a Gauntlet)

   Str+3:     It affects your strength (+3).
   Int+3:     It affects your intelligence (+3).
   rF+:       It protects you from fire.
   Fly:       It grants you flight.
Missiles
 a - a throwing net
 j - 29 poisoned darts
Armour
 i - a +1 scale mail of fire resistance
 D - a +0 pair of gloves of dexterity (worn)
 G - the +0 cloak of Failure (worn) {Int+3}
   (You found it in a Gauntlet)

   Int+3:     It affects your intelligence (+3).
 N - +0 pearl dragon scales (worn)
 P - a +0 kite shield (worn)
 Y - the +0 pair of boots "Qyicut" (worn) {rN+ Regen+}
   (You found it in a Gauntlet)

   rN+:       It protects you from negative energy.
   Regen+:    It increases your rate of health regeneration.
Jewellery
 b - a ring of ice
 c - a ring of flight
 n - an amulet of the acrobat
 p - an amulet of reflection
 q - a ring of fire
 y - a ring of protection from cold
 B - an amulet of regeneration (around neck)
 C - a +4 ring of protection (left hand)
 O - a +4 ring of protection
 Z - a ring of poison resistance (right hand)
Wands
 k - a wand of mindburst (19)
 o - a wand of flame (37)
 r - a wand of light (9)
 Q - a wand of digging (12)
 R - a wand of roots (6)
Scrolls
 e - 3 scrolls of revelation
 f - 5 scrolls of fog
 t - 3 scrolls of enchant weapon
 u - a scroll of vulnerability {unknown}
 w - 3 scrolls of amnesia {unknown}
 z - 4 scrolls of immolation
 E - 3 scrolls of blinking {unknown}
 L - 3 scrolls of poison
 T - a scroll of acquirement {unknown}
 V - 3 scrolls of enchant armour {unknown}
 W - a scroll of silence {unknown}
Potions
 d - 4 potions of might
 g - 8 potions of curing
 h - 5 potions of heal wounds
 l - 3 potions of lignification
 m - a potion of invisibility
 s - a potion of brilliance
 x - 4 potions of enlightenment
 A - a potion of cancellation {unknown}
 F - a potion of magic {unknown}
 H - 3 potions of resistance
 I - a potion of attraction {unknown}
 K - a potion of ambrosia
 M - 2 potions of mutation
 U - a potion of degeneration {unknown}


   Skills:
 + Level 11.3 Fighting
 * Level 13.4 Axes
 + Level 11.2 Armour
 + Level 12.9 Shields
 + Level 11.0 Invocations
 + Level 10.1 Evocations


You had 13 spell levels left.
You didn't know any spells.
Your spell library contained the following spells:

 Spells                   Type           Power      Damage    Failure   Level
 Apportation              Tloc           0%         N/A       75%         1
 Freeze                   Ice            0%         1d3       75%         1
 Necrotise                Necr           0%         1d4       75%         1
 Summon Small Mammal      Summ           0%         N/A       75%         1
 Sublimation of Blood     Necr           0%         N/A       86%         2
 Wereblood                Tmut           0%         N/A       86%         2
 Frozen Ramparts          Ice            0%         1d1       98%         3
 Hailstorm                Conj/Ice       0%         3d3       98%         3
 Volatile Blastmotes      Fire/Tloc      0%         2d10      98%         3
 Animate Dead             Necr           0%         N/A       100%        4
 Fulminant Prism          Conj/Hex       0%         3d5       100%        4
 Iskenderun's Mystic Bla  Conj/Tloc      0%         2d3       100%        4
 Petrify                  Tmut/Erth      0%         N/A       100%        4
 Summon Ice Beast         Ice/Summ       0%         N/A       100%        4
 Arcjolt                  Conj/Air       0%         1d10      100%        5
 Irradiate                Conj/Tmut      0%         3d11      100%        5
 Summon Mana Viper        Hex/Summ       0%         N/A       100%        5
 Plasma Beam              Fire/Air       0%         2x1d10    100%        6
 Haunt                    Necr/Summ      0%         N/A       100%        7
 Monstrous Menagerie      Summ           0%         N/A       100%        7
 Infestation              Necr           0%         N/A       100%        8
 Vhi's Electric Charge    Tloc/Air       Unusable   N/A       N/A         3

Dungeon Overview and Level Annotations

Branches:
Dungeon (15/15) Temple (1/1) D:5 Lair (2/5) D:8 Snake (0/4) Lair:2 Orc (0/2) D:9 Vaults (0/5) D:13 D:14 Depths (0/4) D:15 Gauntlet (visited) Swamp: Lair:2-3 Shoals: Lair:2-3

Altars:
Ashenzari
Cheibriados
Dithmenos
Elyvilon
Fedhas
Gozag
Hepliaklqana
Kikubaaqudgha
Makhleb
Nemelex Xobeh
Okawaru
Qazlal
Ru
Sif Muna
Trog
Uskayaw
Vehumet
Wu Jian
Xom
Yredelemnul
Zin
The Shining One

Shops:
D:8 !=[*(

Portals:
Trove: D:12 (give +2 gold dragon scales)

Annotations:
D:8 3 runed translucent doors
D:13 2 transporters, Alealo Viph's ghost, journeyman TrFi


Innate Abilities, Weirdness & Mutations

You cannot be hasted, slowed, berserked, paralysed or teleported.
You can dig through walls and to a lower floor.
You have a pair of large antennae on your head. (SInv)
Your four strong arms can wield two-handed weapons with a shield.


Message History

You miss the killer bee.
The killer bee is severely wounded.
You closely miss the wolf. You slash the killer bee! You freeze the killer bee.
You kill the killer bee!
Makhleb accepts your kill.
You feel better.
You barely miss the killer bee.
You slice one of the ten-headed hydra's heads off!
The nine-headed hydra grows two more!
You slash the 11-headed hydra!
The 11-headed hydra seems to slow down.
You freeze the 11-headed hydra. You slash the bullfrog!
You freeze the bullfrog.
You kill the bullfrog!
Makhleb accepts your kill.
You feel better.
You closely miss the wolf. You hit the wolf but do no damage.
You feel sick. You block the killer bee's attack.
The killer bee completely misses you.
The wolf bites you but does no damage. x2
The wolf closely misses you. The 11-headed hydra closely misses you.
The 11-headed hydra bites you but does no damage.
You block the 11-headed hydra's attack.
The 11-headed hydra bites you but does no damage.
The 11-headed hydra bites you.
The 11-headed hydra bites you but does no damage. x4
You block the 11-headed hydra's attack.
The 11-headed hydra bites you but does no damage.
The killer bee barely misses you.
The balrug hits you with a +0 demon whip!!
* * * LOW HITPOINT WARNING * * *
You are engulfed in flames!
* * * LOW HITPOINT WARNING * * *
The killer bee barely misses you.
Unknown command.
Okay, then.
Unknown command.
You fade into invisibility!
You feel sick. You block the wolf's attack. The wolf closely misses you.
The wolf bites you but does no damage. The killer bee misses you.
You block the killer bee's attack. The wolf bites you.
* * * LOW HITPOINT WARNING * * *
You block the wolf's attack. The wolf bites you but does no damage.
The balrug hits you with a +0 demon whip!
You die...

####........## #≈≈≈≈[..# #
###.#....##....## ##≈≈~..†#
.##....[####....#######≈~...##
#.+.⌠..#.##.#....##.....#....#
#.#..######.#....#.........#.#
#.#..### ##.......#..###.#...#
..##.#.###..###..#....########
#...........##.†h2...## #####
###..##.#.#####h@y...# #..P###
####.###### ##.yhD...# ##......
#.....#.#####.#####..#####.......
P.##.............................
#.##........##.#####.#####.......
#..###P###..#### #.######...##.
#..# #####.## ##.........###.
#..### #..# #..#..##.#.###.
#....# #..# ##..........#..


You could see a balrug (summoned), a 11-headed hydra (unable to see you, slow),
3 wolves and 2 killer bees.

Vanquished Creatures
  A minotaur (Gauntlet)
  Josephine (D:11)
  A deep elf high priest (D:12)
  A green death (Gauntlet)
  A fire dragon (D:15)
  A hydra (D:14)
  A catoblepas (D:14)
  An anaconda (Lair:1)
  4 centaur warriors
  A two-headed ogre (D:14)
  An alligator (Lair:1)
  3 boulder beetles
  2 tengu warriors
  Urug (D:13)
  A death yak (Lair:1)
  2 fire crabs (Lair:1)
  A wizard (D:14)
  Pikel (D:5)
  3 ugly things
  A manticore (D:14)
  5 cyclopes
  A moth of wrath (Gauntlet)
  An elephant (Lair:1)
  A black mamba (Lair:1)
  2 cane toads
  A gargoyle (D:10)
  5 komodo dragons (Lair:1)
  Psyche (D:8)
  2 rime drakes (Lair:1)
  2 minotaur zombies (Gauntlet)
  2 tengu conjurers (D:14)
  4 trolls
  2 polar bears (Lair:1)
  Prince Ribbit (D:5)
  A hornet (D:9)
  Grinder (D:6)
  3 blink frogs (Lair:1)
  Sigmund (D:5)
  4 slime creatures (D:15)
  2 shadows
  3 basilisks
  A vampire (D:6)
  2 water elementals (D:15)
  5 wraiths (D:11)
  21 yaks
  A fire elemental (D:15)
  A wyvern (D:10)
  13 humans
  2 vampire mosquitoes (D:13)
  2 redbacks (Gauntlet)
  3 steam dragons
  An acid dragon (D:13)
  A naga (Lair:1)
  8 water moccasins
  4 orc warriors
  2 ice beasts (D:6)
  A sky beast (D:5)
  An ogre (D:5)
  6 boggarts
  3 black bears
  11 wolves
  4 centaurs
  A phantom (D:5)
  2 kobold brigands
  10 bullfrogs
  A gnoll sergeant (D:10)
  5 scorpions
  4 wights (D:7)
  21 killer bees
  8 howler monkeys
  7 electric eels
  A lava snake (D:14)
  A crimson imp (D:3)
  6 orc priests
  8 hounds
  A gnoll bouda (D:8)
  3 jellies
  2 sleepcaps
  Ijyb (D:3)
  3 iguanas
  7 orc wizards
  Robin (D:3)
  12 gnolls
  12 adders
  A shadow imp (D:7)
  A white imp (D:7)
  4 worms
  4 dart slugs
  35 orcs
  5 ball pythons
  10 endoplasms
  6 giant cockroaches
  7 goblins
  8 hobgoblins
  A quokka (D:2)
  10 bats
  8 frilled lizards
  8 kobolds
392 creatures vanquished.

Vanquished Creatures (collateral kills)
  An ice dragon (D:15)
  A hydra (D:13)
  A centaur warrior (D:15)
  2 two-headed ogres (D:11)
  A death yak (Lair:1)
  A tengu warrior (D:15)
  An ugly thing (D:15)
  2 yaks (D:11)
  A redback (Gauntlet)
  3 humans (D:14)
  A steam dragon (Lair:1)
  A boggart (D:15)
  A centaur (D:11)
  A killer bee (D:11)
18 creatures vanquished.

Vanquished Creatures (others)
  A boggart (D:15)
  An orc (D:8)
  A hobgoblin (D:3)
3 creatures vanquished.

Grand Total: 413 creatures vanquished

Notes
Turn   | Place    | Note
-------+----------+-------------------------------------------
     0 | D:1      | heikuro the Formicid Fighter began the quest for the Orb.
     0 | D:1      | Reached XP level 1. HP: 18/18 MP: 1/1
   146 | D:1      | Reached XP level 2. HP: 24/24 MP: 2/2
   494 | D:1      | Reached XP level 3. HP: 29/29 MP: 3/3
   952 | D:2      | Found a faded altar of an unknown god.
  1038 | D:2      | Reached XP level 4. HP: 28/37 MP: 4/4
  1139 | D:2      | Reached skill level 3 in Axes
  1595 | D:3      | Found a radiant altar of Vehumet.
  1595 | D:3      | Found a burning altar of Makhleb.
  1614 | D:3      | Reached XP level 5. HP: 38/42 MP: 5/5
  1621 | D:3      | Became a worshipper of Makhleb the Destroyer
  2033 | D:3      | Noticed Ijyb
  2033 | D:3      | Noticed Robin
  2042 | D:3      | Killed Ijyb
  2047 | D:3      | Killed Robin
  2228 | D:3      | Reached skill level 1 in Invocations
  2272 | D:3      | Reached XP level 6. HP: 48/48 MP: 6/6
  2698 | D:4      | Reached skill level 5 in Shields
  2698 | D:4      | Reached skill level 1 in Evocations
  2723 | D:4      | Identified the +3 trident "Gode" {flame, +Blink Int+3
                  | Stlth+}
  2838 | D:4      | Reached * piety under Makhleb
  2951 | D:4      | Reached skill level 4 in Axes
  3011 | D:4      | Reached XP level 7. HP: 55/55 MP: 8/8
  3601 | D:5      | Entered Level 5 of the Dungeon
  3601 | D:5      | Noticed a water moccasin
  3667 | D:5      | Noticed Prince Ribbit
  3696 | D:5      | Killed Prince Ribbit
  3777 | D:5      | Noticed Pikel
  3789 | D:5      | Killed Pikel
  3790 | D:5      | Reached skill level 5 in Fighting
  3790 | D:5      | Reached skill level 5 in Axes
  3790 | D:5      | Reached skill level 5 in Armour
  3790 | D:5      | Reached XP level 8. HP: 45/62 MP: 8/10
  3874 | D:5      | Noticed Sigmund
  3880 | D:5      | Killed Sigmund
  3974 | D:5      | Reached XP level 9. HP: 26/68 MP: 11/11
  4126 | D:5      | Reached skill level 6 in Axes
  4337 | D:5      | Found a staircase to the Ecumenical Temple.
  4413 | Temple   | Entered the Ecumenical Temple
  4498 | D:6      | Noticed Grinder
  4519 | D:6      | Killed Grinder
  4745 | D:6      | Reached ** piety under Makhleb
  4746 | D:6      | Reached skill level 5 in Invocations
  4863 | D:6      | Reached skill level 7 in Axes
  5070 | D:6      | Found a glowing golden altar of the Shining One.
  5137 | D:6      | Reached XP level 10. HP: 58/77 MP: 12/14
  5645 | D:7      | Reached skill level 5 in Evocations
  6401 | D:7      | Found a snail-covered altar of Cheibriados.
  6402 | D:7      | Found a glowing silver altar of Zin.
  6406 | D:7      | Found an ornate altar of the Wu Jian Council.
  6517 | D:8      | Found Buodui's General Store.
  6540 | D:8      | Noticed Psyche
  6549 | D:8      | Killed Psyche
  6550 | D:8      | Reached skill level 8 in Axes
  6676 | D:8      | Found Tuivyn's Jewellery Emporium.
  6678 | D:8      | Reached *** piety under Makhleb
  6869 | D:8      | Found Daxoc's Distillery.
  6917 | D:8      | Found a staircase to the Lair.
  7387 | D:8      | Found Tubbin's Antique Armour Emporium.
  7396 | D:8      | Found a shimmering altar of Xom.
  7405 | D:8      | Found Sual's Antique Weapon Shoppe.
  7408 | D:8      | Found a runed translucent gate.
  7408 | D:8      | Found a runed translucent gate.
  7408 | D:8      | Found a runed translucent gate.
  7408 | D:8      | Noticed a cyan ugly thing
  7408 | D:8      | Noticed a purple ugly thing
  7408 | D:8      | Noticed a white ugly thing
  7408 | D:8      | Noticed a red ugly thing
  7418 | D:8      | Bought a faintly glowing war axe for 229 gold pieces
  7418 | D:8      | Identified the +8 war axe of Youthful Indiscretion {freeze,
                  | *Slow rPois Str+2} (You bought it in a shop on level 8 of
                  | the Dungeon)
  7701 | D:9      | Identified the +8 hand axe "Sirikleo" {spect, Str+7}
  7786 | D:9      | Reached XP level 11. HP: 80/84 MP: 15/15
  8003 | D:9      | Found a staircase to the Orcish Mines.
  8262 | D:9      | Found a basalt altar of Yredelemnul.
  8746 | D:10     | Entered Level 10 of the Dungeon
  8890 | D:10     | Reached skill level 9 in Axes
  9061 | D:10     | Reached **** piety under Makhleb
  9433 | D:11     | Noticed a two-headed ogre
  9439 | D:11     | Killed a two-headed ogre
  9542 | D:11     | Noticed Josephine
  9551 | D:11     | Killed Josephine
  9552 | D:11     | Reached skill level 10 in Axes
  9552 | D:11     | Reached skill level 10 in Shields
  9552 | D:11     | Reached XP level 12. HP: 89/94 MP: 17/17
  9553 | D:11     | Noticed a two-headed ogre
  9564 | D:11     | Killed a two-headed ogre
  9925 | D:11     | Found a radiant altar of Vehumet.
 10279 | D:12     | Noticed a boulder beetle
 10303 | D:12     | Killed a boulder beetle
 10352 | D:12     | Found a portal to a secret trove of treasure.
 10826 | D:12     | Noticed a deep elf high priest
 10834 | D:12     | Killed a deep elf high priest
 10854 | D:13     | Found a gate leading to a gauntlet.
 10869 | Gauntlet | Entered a Gauntlet
 10869 | Gauntlet | Found a transporter.
 10869 | Gauntlet | Found a transporter.
 10870 | Gauntlet | Found a transporter.
 10878 | Gauntlet | Found a transporter.
 10884 | Gauntlet | Noticed a green death
 10891 | Gauntlet | Found a transporter.
 10896 | Gauntlet | Found a transporter.
 10906 | Gauntlet | Found a transporter.
 10912 | Gauntlet | Found a transporter.
 10930 | Gauntlet | Found a transporter.
 10938 | Gauntlet | Found a transporter.
 10956 | Gauntlet | Found a transporter.
 11039 | Gauntlet | Found a transporter.
 11153 | Gauntlet | Identified the +0 helmet "Gebeziw" {rPois Str-5 Dex+5
                  | Stlth+}
 11168 | Gauntlet | Killed a green death
 11179 | Gauntlet | Identified the +9 dagger of Dishonesty {holy, Fly rF+ Str+3
                  | Int+3}
 11185 | Gauntlet | Identified the +0 pair of boots "Qyicut" {rN+ Regen+}
 11211 | Gauntlet | Noticed a minotaur
 11222 | Gauntlet | Killed a minotaur
 11223 | Gauntlet | Reached skill level 11 in Axes
 11256 | Gauntlet | Identified the +0 cloak of Failure {Int+3}
 11377 | D:13     | Found a transporter.
 11383 | D:13     | Noticed a deep troll earth mage
 11383 | D:13     | Noticed Alealo Viph's ghost (journeyman TrFi)
 11484 | D:13     | Noticed a six-headed hydra
 11494 | D:13     | Killed a six-headed hydra
 11495 | D:13     | Reached XP level 13. HP: 17/101 MP: 19/19
 11589 | D:13     | Noticed a centaur warrior
 11609 | D:13     | Killed a centaur warrior
 11611 | D:13     | Identified the ring "Igraqogulu" {rElec rPois rC+ Slay+2}
 11707 | D:13     | Found a transporter.
 11848 | D:14     | Noticed Urug
 11848 | D:14     | Noticed a centaur warrior
 11848 | D:14     | Found a gate to the Vaults.
 11873 | D:14     | Reached skill level 10 in Fighting
 11874 | D:14     | Reached skill level 10 in Armour
 11880 | D:13     | Killed Urug
 11929 | D:14     | Killed a centaur warrior
 11930 | D:14     | Reached skill level 12 in Axes
 12417 | D:14     | Noticed a five-headed hydra
 12428 | D:14     | Killed a five-headed hydra
 12533 | D:14     | Noticed a catoblepas
 12560 | D:14     | Killed a catoblepas
 12940 | D:15     | Entered Level 15 of the Dungeon
 13063 | D:15     | Noticed a fire dragon
 13076 | D:15     | Killed a fire dragon
 13076 | D:15     | Noticed an ice dragon
 13077 | D:15     | Reached skill level 10 in Invocations
 13090 | D:15     | Killed an ice dragon
 13115 | D:15     | Found a staircase to the Depths.
 13206 | D:15     | Noticed a centaur warrior
 13213 | D:15     | Killed a centaur warrior
 13235 | D:15     | Noticed an eight-headed hydra
 13337 | D:15     | Noticed a centaur warrior
 13341 | D:15     | Killed a centaur warrior
 13342 | D:15     | Reached XP level 14. HP: 111/111 MP: 21/21
 13587 | D:15     | Found a hide-covered altar of Uskayaw.
 13849 | D:15     | Found a bloodstained altar of Trog.
 14335 | Lair:1   | Entered Level 1 of the Lair of Beasts
 14561 | Lair:1   | Reached skill level 13 in Axes
 14705 | Lair:1   | Reached ***** piety under Makhleb
 14880 | Lair:1   | Found a burning altar of Makhleb.
 15165 | Lair:1   | Reached skill level 10 in Evocations
 15557 | Lair:2   | Found a staircase to the Snake Pit.
 15639 | Lair:1   | Noticed a balrug
 15641 | Lair:1   | HP: 4/113 [balrug/+0 demon whip[the player character] (17)]
 15642 | Lair:1   | Slain by a balrug

Illustrated notes

Levels and vault maps discovered:
D:1:      lemuel_arrival_tunnels, layout_loops_cross
D:2:      layout_basic, ebering_ecumenical_altar_abandoned,
          wander_ebering_terrifying_dragon_lair
D:3:      layout_basic, grunt_temple_overflow_lords_of_destruction,
          nicolae_goblin_pals
D:4:      layout_loops_ring, serial_bayou, serial_bayou_lagoon_a,
          serial_bayou_pond_d, serial_bayou_pond_c, serial_bayou_ford_a,
          serial_bayou_shore_b, serial_bayou_shore_b, hangedman_decor_lopped,
          hangedman_feature_mirror
D:5:      layout_rooms, minmay_temple_entry_antechambers, uniq_pikel,
          uniq_prince_ribbit1, uniq_sigmund
D:6:      layout_basic, lemuel_round_altar, minmay_fountain_box, uniq_grinder
D:7:      layout_loops_corners, minitemple
D:8:      layout_loops_ring, overflow_temple_1_default, erik_lair_island,
          ploomutoo_gammafunk_ghost_potion_laboratory, serial_shops, shop, shop,
          shop, shop, shop, uniq_psyche
D:9:      layout_loops_corners, old_standard_altar, orc_0_dummy,
          nicolae_elevator_lobby_asterisk
D:10:     layout_roguey
D:11:     layout_basic, vehumet_crystals, uniq_josephine
D:12:     kennysheep_funnel, layout_basic, enter_trove_1
D:13:     layout_cave_pools, gammafunk_ghost_arena, gauntlet_entry_generic,
          nicolae_houndstooth_variations
D:14:     layout_loops_corners, david_vaults_3, kennysheep_flooded_box
D:15:     grunt_enter_depths_hoard, layout_basic, trog_three_pillars_becter,
          nicolae_uskayaw_suspiria
Temple:   eino_temple_lava
Lair:1:   layout_loops_ring, basic_altar, nicolae_lair_lakeside_cave,
          grunt_megastairs_4
Lair:2:   layout_roguey [special_room_bee], guppyfry_snake_entry_island,
          hellmonk_guarded_unrand_vines

Skill      XL: |  1  2  3  4  5  6  7  8  9 10 11 12 13 14 |
---------------+-------------------------------------------+-----
Axes           | 3 4 5 7 8 10 11 12 13 | 13.4
Fighting       | 4 5 6 7 8 9 10 11 | 11.3
Armour         | 4 5 6 7 8 9 10 11 | 11.2
Invocations    | 1 3 5 6 7 9 10 11 | 11.0
Shields        | 5 6 7 8 10 11 12 | 12.9
Evocations     | 1 3 4 5 7 8 9 10 | 10.1

Action                     |  1- 3 |  4- 6 |  7- 9 | 10-12 | 13-15 || total
---------------------------+-------+-------+-------+-------+-------++-------
  Melee: War axe           |    94 |   137 |       |   231 |   439 ||   901
         Trident           |       |    19 |   254 |   142 |    23 ||   438
 Invoke: Minor Destruction |       |       |       |    87 |    22 ||   109
         Lesser Servant of |       |       |       |     8 |     9 ||    17
         Major Destruction |       |       |       |     1 |       ||     1
         Greater Servant o |       |       |       |       |     1 ||     1
  Evoke: Wand              |       |       |       |     2 |       ||     2
    Use: Scroll            |     1 |     1 |     3 |     7 |     6 ||    18
         Potion            |       |       |     1 |     1 |     1 ||     3
   Stab: Distracted        |       |       |       |     1 |     1 ||     2
         Petrified         |       |       |       |       |     5 ||     5
 Armour: Scale mail        |    42 |    74 |    16 |       |       ||   132
         Plate armour      |       |       |    55 |    85 |       ||   140
         Pearl dragon scal |       |       |       |   107 |   441 ||   548
  Dodge: Dodged            |    52 |    58 |    47 |   101 |   240 ||   498
  Block: Buckler           |    28 |    73 |    91 |    84 |       ||   276
         Reflection        |       |     1 |     1 |     3 |       ||     5
         Kite shield       |       |       |       |    90 |   424 ||   514

Table legend: (Time is in decaauts)
 A = Elapsed time spent in this place.
 B = Non-inter-level travel time spent in this place.
 C = Inter-level travel time spent in this place.
 D = Time resting spent in this place.
 E = Time spent auto-exploring this place.
 F = Levels seen in this place.
 G = Mean time per level.
                   A        B        C        D        E       F      G
               +--------+--------+--------+--------+--------+-----+--------+
         Total |  15813 |  14794 |   1019 |   1217 |   9239 |  19 |  832.3 |
       Dungeon |  14110 |  13171 |    939 |   1203 |   8359 |  15 |  940.7 |
        Temple |      1 |      1 |      0 |      0 |      0 |   1 |    1.0 |
          Lair |   1291 |   1212 |     79 |     14 |    735 |   2 |  645.5 |
      Gauntlet |    410 |    410 |      0 |      0 |    145 |   1 |  410.0 |
               +--------+--------+--------+--------+--------+-----+--------+

Top non-repeatable levels by time:
  Lair:1: 1245 daAuts
     D:8: 1182 daAuts
    D:14: 1157 daAuts
    D:15: 1134 daAuts
     D:3: 1117 daAuts
     D:9: 1114 daAuts
     D:6: 1093 daAuts
     D:7: 1028 daAuts
     D:4: 985 daAuts
     D:2: 914 daAuts
    D:11: 850 daAuts
     D:5: 818 daAuts
     D:1: 739 daAuts
    D:10: 678 daAuts
    D:13: 665 daAuts
